 Dungeon Crawl Stone Soup version 0.27.1-33-g824d729ab1 (webtiles) character file.

Game seed: 14945384319034191987

83 Destapler the Sneak (level 4, -1/22 HPs)
             Began as a Spriggan Venom Mage on Dec 8, 2021.
             Was a Plaything of Xom.
             Killed by divine providence
             ... invoked by an orc priest
              (15 damage)
             ... on level 3 of the Dungeon.
             The game lasted 00:09:31 (2687 turns).

Destapler the Sneak (Spriggan Venom Mage)           Turns: 2687, Time: 00:09:32

Health: -1/22      AC:  8    Str:  4    XL:     4   Next: 22%
Magic:  6/9        EV: 18    Int: 17    God:    Xom [...*..]
Gold:   41         SH:  0    Dex: 15    Spells: 6/9 levels left

rFire    + . .     SeeInvis +   e - +0 dagger
rCold    . . .     Faith    .   (shield restricted)
rNeg     . . .     Spirit   .   b - +2 robe {rF+}
rPois    .         Reflect  .   (helmet restricted)
rElec    .         Harm     .   (no cloak)
rCorr    .         Rampage  .   (gloves unavailable)
Will     .....                  (boots unavailable)
Stlth    +++.......             (no amulet)
HPRegen  0.07/turn              j - +4 ring of protection
MPRegen  0.11/turn              (no ring)

@: very quick
A: very small, no large weapons, unfitting armour, see invisible, speed 3
a: Renounce Religion


You were on level 3 of the Dungeon.
You worshipped Xom.
You were a favourite toy of Xom.
You visited 1 branch of the dungeon, and saw 3 of its levels.

You collected 41 gold pieces.

Inventory:

Hand Weapons
 e - a +0 dagger (weapon)
Missiles
 g - 17 poisoned darts (quivered)
Armour
 b - a +2 robe of fire resistance (worn)
Jewellery
 d - a ring of ice
 j - a +4 ring of protection (left hand)
Potions
 a - a potion of invisibility {unknown}
 i - a potion of haste {unknown}
 k - a potion of magic


   Skills:
 + Level 1.1 Fighting
 + Level 3.4 Dodging
 + Level 4.0 Stealth
 - Level 3.0 Spellcasting
 + Level 1.5 Hexes
 - Level 2.0 Transmutations
 + Level 3.4 Poison Magic


You had 6 spell levels left.
You knew the following spells:

 Your Spells              Type           Power      Damage    Failure   Level
a - Sting                 Tmut/Pois      44%        1d5       6%          1
s - Slow                  Hex            7%         N/A       14%         2

Your spell library contained the following spells:

 Spells                   Type           Power      Damage    Failure   Level
 Poisonous Vapours        Pois/Air       16%        N/A       13%         2
 Confusing Touch          Hex            7%         N/A       28%         3
 Mephitic Cloud           Conj/Pois/Air  6%         N/A       32%         3
 Olgreb's Toxic Radiance  Pois           14%        N/A       41%         4
 Vampiric Draining        Necr           1%         2d6       45%         3


Dungeon Overview and Level Annotations

Branches:
Dungeon (3/15)

Altars:
Xom

Shops:
D:2 [


Innate Abilities, Weirdness & Mutations

You are very small and have problems with some larger weapons.
You are too small for most types of armour.
You have supernaturally acute eyesight. (SInv)
You cover ground extremely quickly. (Speed+++)


Message History

An orc priest comes into view. It is wielding a +2 trident of venom.
An orc comes into view. It is wielding a +0 hand axe.
The orc shouts!
An orc comes into view. It is wielding a +0 club.
As you read the scroll labelled QOMODALECRA, it crumbles to dust.
It is a scroll of identify.
k - a potion of magic Xom is mildly amused.
As you read the scroll labelled YCKIME MUELO, it crumbles to dust.
It is a scroll of amnesia.
Really abort (and waste the scroll)?
Okay, then.
The orc priest shouts!
As you read the scroll labelled GURRESTRYFF, it crumbles to dust.
You feel aware of your surroundings.
You sensed 2 altars.
It was a scroll of magic mapping.
The orc resists with significant effort.
The sting hits the orc but does no damage.
The orc is poisoned.
The orc completely misses you. The orc priest misses you.
You see here an adder corpse.
You see here a +0 club.
The orc looks more healthy.
You throw a poisoned dart. The poisoned dart hits the orc.
The orc is poisoned.
The orc is heavily wounded.
You see here a +0 club.
You feel a bit more experienced.
You throw a poisoned dart. The poisoned dart hits the orc priest.
The orc priest is poisoned.
The orc priest hits you from afar with a +2 trident of venom!
Casting: Sting (safe; 6% risk of failure)
Confirm with . or Enter, or press ? or * to list all spells.
Aiming: Slow (safe; 14% risk of failure)
Press: ? - help, Shift-Dir - straight line, f/p - orc priest
Aim: an orc priest, wielding a +2 trident of venom (lightly wounded, poisoned, chance to affect: 41%)
The orc priest resists with some effort.
The orc priest invokes the aid of Beogh against you.
Beogh smites you!
Ouch! That really hurt!
You die...
Xom thinks this is hilarious!

....# #.##.......#...,,,,**,*,
....# #.##.##o........,,***,*,
....######.##.#.o...##...,,+,*,**
.....†.....##.#.....#*,...,*,*,*,
....#####..##.#.#...#*,,..,*,*,*,
..#........##.#.#####****#**,,,*,
#.#.#......##.#o# *******
.<#.#+#.......#)####### *,,,,,,
#............†..@.....# *,,,,,,
#.##...#######........# *,,,,,,
####...# #........# *,,,,,,
.......# #..[.....# *,,,,,,
####...# #........# *,,,,,, #...#
########## *,,,,,, #...# *,,,,,,
#...# *,,,,,, ##### *******


You could see an orc priest (poisoned).

Vanquished Creatures
  2 adders
  2 worms (D:2)
  3 orcs
  3 ball pythons
  8 bats
  6 endoplasms
  3 goblins
  10 hobgoblins
  4 jackals (D:2)
  A kobold (D:2)
  2 frilled lizards (D:1)
  6 rats
50 creatures vanquished.

Vanquished Creatures (others)
  4 toadstools (D:1)
4 creatures vanquished.

Grand Total: 54 creatures vanquished

Notes
Turn   | Place    | Note
-------+----------+-------------------------------------------
     0 | D:1      | Destapler the Spriggan Venom Mage began the quest for the
                  | Orb.
     0 | D:1      | Reached XP level 1. HP: 9/9 MP: 5/5
   295 | D:1      | Reached XP level 2. HP: 13/13 MP: 6/6
   649 | D:1      | You fall into a shaft and drop 1 floor!
   768 | D:2      | Found a faded altar of an unknown god.
   772 | D:2      | Became a worshipper of Xom of Chaos
   928 | D:1      | Reached XP level 3. HP: 17/17 MP: 6/8
   934 | D:1      | XOM: silly message
  1176 | D:2      | XOM: silly message
  1200 | D:2      | Reached skill level 1 in Hexes
  1301 | D:2      | Found Lugamiq's Armour Emporium.
  1380 | D:2      | XOM: divination: detect items
  1508 | D:2      | XOM: divination: detect creatures
  1556 | D:2      | XOM: silly message
  1590 | D:2      | Reached skill level 1 in Fighting
  2071 | D:2      | XOM: silly message
  2400 | D:3      | Reached XP level 4. HP: 22/22 MP: 6/9
  2407 | D:3      | XOM: noise
  2531 | D:3      | Reached skill level 4 in Stealth
  2545 | D:3      | Learned a level 2 spell: Slow
  2687 | D:3      | Killed from afar by an orc priest

Illustrated notes

Levels and vault maps discovered:
D:1:      ldierk_walled_garden_2, layout_loops_ring
D:2:      layout_loops_corners, hellmonk_ecumenical_altar_heavens_door,
          serial_shops, nicolae_shop_statue_plus, roderic_lattice_a,
          item_on_display_a
D:3:      layout_basic, gammafunk_temple_overflow_wave

Skill      XL: |  1  2  3  4 |
---------------+-------------+-----
Transmutations | 2 |  2.0
Dodging        | 3 |  3.4
Spellcasting   | 3 |  3.0
Hexes          | 1 |  1.5
Fighting       | 1 |  1.1
Stealth        | 4 |  4.0
Poison Magic   | |  3.4

Action                   |  1- 3 |  4- 6 || total
-------------------------+-------+-------++-------
Melee: Club              |     3 |       ||     3
       Unarmed           |     1 |       ||     1
       Dagger            |    43 |     4 ||    47
Throw: Dart              |       |     2 ||     2
 Cast: Sting             |    73 |    10 ||    83
       Slow              |       |     4 ||     4
  Use: Potion            |     1 |       ||     1
       Scroll            |       |     3 ||     3
 Stab: Sleeping          |     1 |       ||     1
Armor: Robe              |    14 |       ||    14
Dodge: Dodged            |    53 |     6 ||    59
